 Dungeon Crawl Stone Soup version 0.26-a0-638-gcca6ad1b57 (webtiles) character file.

Game seed: 6289825020508571218

319 DogServant the Shooter (level 6, 0/52 HPs)
             Began as a Minotaur Hunter on Sept 14, 2020.
             Was an Initiate of Ashenzari.
             Slain by an orc priest
             ... wielding a +1 hand axe of electrocution
              (11 damage)
             ... on level 4 of the Dungeon.
             The game lasted 00:10:36 (5335 turns).

DogServant the Shooter (Minotaur Hunter)            Turns: 5335, Time: 00:10:38

Health: 0/52       AC:  3    Str: 18    XL:     6   Next: 21%
Magic:  5/5        EV: 13    Int:  8    God:    Ashenzari [......]
Gold:   152        SH:  0    Dex: 11    Spells: 5/5 levels left

rFire    + . .     SeeInvis .   r - +2 dagger (venom)
rCold    + . .     Faith    .   (no shield)
rNeg     . . .     Spirit   .   c - +0 leather armour
rPois    .         Reflect  .   (helmet restricted)
rElec    .         Harm     .   o - scarf {rC+ rF+}
rCorr    .         Rampage  .   (no gloves)
MR       .....                  (no boots)
Stlth    +.........             (no amulet)
HPRegen  0.17/turn              (no ring)
MPRegen  0.09/turn              (no ring)

@: no status effects
A: retaliatory headbutt, horns 2
a: Curse Item, Renounce Religion


You were on level 4 of the Dungeon.
You worshipped Ashenzari.
Ashenzari was noncommittal.
You visited 1 branch of the dungeon, and saw 4 of its levels.

You collected 152 gold pieces.

Inventory:

Hand Weapons
 a - a +2 shortbow
 r - a +2 dagger of venom (weapon)
Missiles
 d - 14 arrows
Armour
 c - a +0 leather armour (worn)
 o - a scarf of resistance (worn)
Jewellery
 i - a +6 ring of intelligence
 s - an uncursed amulet of guardian spirit
Scrolls
 b - a scroll of identify
 e - 4 scrolls of teleportation
 m - a scroll of remove curse
 q - a scroll of magic mapping {unknown}
Potions
 f - 2 potions of lignification
 h - 2 potions of flight
 j - a potion of ambrosia {unknown}
 l - 3 potions of curing
 p - a potion of stabbing {unknown}
 t - a potion of mutation {unknown}


   Skills:
 + Level 3.9 Fighting
 + Level 2.5 Short Blades
 * Level 6.0 Bows
 - Level 2.0 Armour
 + Level 3.7 Dodging
 - Level 1.0 Stealth


You had 5 spell levels left.
You didn't know any spells.
Your spell library was empty.

Dungeon Overview and Level Annotations

Branches:
Dungeon (4/15)
 Temple: D:4-7

Altars:
Ashenzari
Gozag
Nemelex Xobeh
Wu Jian
Xom
Yredelemnul


Innate Abilities, Weirdness & Mutations

You reflexively headbutt those who attack you in melee.
You have a pair of horns on your head.


Message History

The orc priest invokes the aid of Beogh against you.
Beogh smites you!
You barely miss the orc priest. Your headbutt misses the orc priest.
The orc priest is moderately wounded.
The orc throws a stone.
The stone barely misses you. The orc priest barely misses you.
The orc hits you.
You barely miss the orc.
The orc priest hits you with a +0 quarterstaff.
The orc priest hits you but does no damage.
You are electrocuted!
* * * LOW HITPOINT WARNING * * *
The orc misses you.
You hit the orc priest but do no damage.
The orc priest looks as sick as possible!
You headbutt the orc priest!
The orc priest is almost dead.
The orc priest hits you with a +1 hand axe of electrocution.
* * * LOW HITPOINT WARNING * * *
You are electrocuted!
You die...

.........#
.........#
.........#
.........# ####
.....>..)# #..##
......... #...#
........# #...#
.......o## #...#
###
.......o@###...#
###.##
.......#o(.#..##
##....#
......####(.###
##...... ...###
##(..####.......
..
###..##........
# ###..........
#..........
#..........
#...........


You could see 2 orc priests and an orc.

Vanquished Creatures
  4 orc wizards (D:3)
  A worker ant (D:4)
  Natasha (D:4)
  2 adders
  4 gnolls (D:3)
  An adder skeleton (D:4)
  4 worms
  2 dart slugs
  13 orcs
  A ball python (D:3)
  5 bats
  3 giant cockroaches
  11 goblins
  4 hobgoblins
  4 jackals (D:1)
  A quokka (D:3)
  3 frilled lizards
  6 kobolds
  6 rats
  A spectral orc (D:3)
77 creatures vanquished.

Notes
Turn   | Place    | Note
-------+----------+-------------------------------------------
     0 | D:1      | DogServant the Minotaur Hunter began the quest for the Orb.
     0 | D:1      | Reached XP level 1. HP: 18/18 MP: 0/0
   281 | D:1      | Reached XP level 2. HP: 25/25 MP: 1/1
   603 | D:1      | Reached skill level 5 in Bows
  1047 | D:1      | Found a sparkling altar of Nemelex Xobeh.
  1066 | D:2      | Found a shimmering altar of Xom.
  1090 | D:2      | Reached XP level 3. HP: 23/30 MP: 2/2
  1467 | D:2      | Reached skill level 1 in Armour
  1720 | D:2      | Found an opulent altar of Gozag.
  1738 | D:2      | Found a sparkling altar of Nemelex Xobeh.
  1807 | D:2      | Reached skill level 1 in Stealth
  2536 | D:3      | Reached XP level 4. HP: 23/37 MP: 3/3
  3175 | D:3      | Reached skill level 1 in Short Blades
  3650 | D:3      | Reached XP level 5. HP: 38/45 MP: 4/4
  4357 | D:3      | Found an ornate altar of the Wu Jian Council.
  4601 | D:3      | Found a shattered altar of Ashenzari.
  4632 | D:3      | Found a basalt altar of Yredelemnul.
  4674 | D:3      | Became a worshipper of Ashenzari the Shackled
  4930 | D:4      | Noticed Natasha
  4938 | D:4      | Killed Natasha
  4938 | D:4      | Reached XP level 6. HP: 44/52 MP: 5/5
  5018 | D:4      | Reached skill level 6 in Bows
  5335 | D:4      | Slain by an orc priest

Illustrated notes

Levels and vault maps discovered:
D:1:      dpeg_arrival_water_altar, layout_loops_ring, grunt_decor_arrowhead
D:2:      layout_basic, nemelex_altar_shiori, lemuel_round_altar,
          xom_teletrap_fun
D:3:      layout_rooms, yredelemnul_forgotten_temple_becter,
          lemuel_doored_altar, lemuel_round_altar, hangedman_decor_growths
D:4:      layout_cave_pods, cheibrodos_gnoll_hut, uniq_natasha

Skill      XL: |  1  2  3  4  5  6 |
---------------+-------------------+-----
Bows           | 5 6 |  6.0
Armour         | 1 2 |  2.0
Stealth        | 1 |  1.0
Short Blades   | 1 2 |  2.5
Fighting       | 3 |  3.9
Dodging        | 3 |  3.7

Action                   |  1- 3 |  4- 6 || total
-------------------------+-------+-------++-------
Melee: Short sword       |    67 |    37 ||   104
       Headbutt          |     9 |    17 ||    26
       Dagger            |       |    79 ||    79
 Fire: Shortbow          |    27 |     3 ||    30
  Use: Scroll            |       |     6 ||     6
Armor: Leather armour    |    16 |    22 ||    38
Dodge: Dodged            |    65 |    72 ||   137

Table legend: (Time is in decaauts)
 A = Elapsed time spent in this place.
 B = Non-inter-level travel time spent in this place.
 C = Inter-level travel time spent in this place.
 D = Time resting spent in this place.
 E = Time spent auto-exploring this place.
 F = Levels seen in this place.
 G = Mean time per level.
                   A        B        C        D        E       F      G
               +--------+--------+--------+--------+--------+-----+--------+
         Total |   5345 |   5226 |    119 |   1853 |   2717 |   4 | 1336.2 |
       Dungeon |   5345 |   5226 |    119 |   1853 |   2717 |   4 | 1336.2 |
               +--------+--------+--------+--------+--------+-----+--------+

Top non-repeatable levels by time:
     D:3: 2203 daAuts
     D:2: 1617 daAuts
     D:1: 1072 daAuts
     D:4: 451 daAuts
